 Dungeon Crawl Stone Soup version 0.23.0 (webtiles) character file.

Game seed: 999911763962425853

36 Monsterracer the Skirmisher (level 3, -5/18 HPs)
             Began as a Felid Wanderer on Feb 18, 2019.
             Slain by Terence
             ... wielding a +2 vampiric short sword
              (8 damage)
             ... on level 1 of the Dungeon.
             The game lasted 00:02:09 (2075 turns).

Monsterracer the Skirmisher (Felid Wanderer)        Turns: 2075, Time: 00:02:10

Health: -5/18      AC:  1    Str: 10    XL:     3   Next: 19%
Magic:  4/4        EV: 17    Int: 11    God:
Gold:   30         SH:  0    Dex: 16    Spells: 2/2 levels left
                                        Lives:  0   Deaths: 1

rFire    . . .     SeeInvis +     - Unarmed
rCold    . . .     Gourm    .   (shield unavailable)
rNeg     . . .     Faith    .   (armour unavailable)
rPois    .         Spirit   .   (helmet unavailable)
rElec    .         Reflect  .   (cloak unavailable)
rCorr    .         Harm     .   (gloves unavailable)
MR       .....                  (boots unavailable)
Stlth    ++........             (no amulet)
HPRegen  0.06/turn              (no ring)
MPRegen  0.09/turn              (no ring)

@: quick
A: very small, no armour, no weapons or thrown items, stealth, claws 1, fangs 3,
see invisible, carnivore, speed 1, shaggy fur 1, slow metabolism 1, sharp paws
a: no special abilities


You were on level 1 of the Dungeon.
You were not hungry.

You visited 1 branch of the dungeon, and saw 2 of its levels.

You collected 30 gold pieces.

Inventory:

Scrolls
 a - a scroll of amnesia {unknown}
 b - a scroll of immolation {unknown}
 f - a scroll of blinking {unknown}
Potions
 d - a potion of heal wounds
 e - 2 potions of curing
 g - a potion of might {unknown}
 i - a potion of lignification {unknown}
Comestibles
 c - a ration


   Skills:
 + Level 4.5 Fighting
 + Level 2.1 Dodging
 - Level 1.3 Stealth
 * Level 4.4 Unarmed Combat
   Level 1.1 Evocations


You had 2 spell levels left.
You didn't know any spells.
Your spell library was empty.

Dungeon Overview and Level Annotations

Branches:
Dungeon (2/15)

Altars:
Qazlal

Annotations:
D:1 Terence


Innate Abilities, Weirdness & Mutations

You cannot wear armour.
You are incapable of wielding weapons or throwing items.
Your paws allow you to move quietly. (Stealth)
You have sharp claws.
You have razor-sharp teeth.
You have supernaturally acute eyesight. (SInv)
You are carnivorous and can eat meat at any time.
You cover ground quickly.
You are covered in fur. (AC +1)
You have a slow metabolism.
Your sharp claws are effective at attacking unaware monsters.


Message History

The giant cockroach is heavily wounded.
The jackal closely misses you. The giant cockroach barely misses you.
The jackal misses you.
You closely miss the giant cockroach.
The giant cockroach is moderately wounded.
The giant cockroach completely misses you.
The jackal barely misses you.
You barely miss the giant cockroach.
The giant cockroach is moderately wounded.
The jackal completely misses you.
The giant cockroach completely misses you.
Terence hits you with a +2 vampiric short sword.
The jackal bites you.
There is a stone staircase leading up here.
You take 6 damage, and have 14/22 hp.
MASSIVE DAMAGE!!
The jackal bites you.
Terence hits you with a +2 vampiric short sword.
* * * LOW HITPOINT WARNING * * *
You climb upwards.
There is a stone staircase leading down here.
Unknown command.
Unknown command.
Unknown command.
You take 4 damage, and have 10/22 hp.
Unknown command.
You scratch the jackal but do no damage.
Your bite misses the jackal. The jackal bites you.
* * * LOW HITPOINT WARNING * * *
Terence completely misses you.
You take 2 damage, and have 8/22 hp.
You miss the jackal. Your bite misses the jackal. The jackal barely misses you.
The jackal bites you.
* * * LOW HITPOINT WARNING * * *
Terence hits you with a +2 vampiric short sword!
You die...
You are now level 3!
You rejoin the land of the living...
Health restored: 18 You now have 4/4 mp.
There is an open door here.
You claw Terence!
Terence is heavily wounded.
Terence completely misses you.
You scratch Terence but do no damage. You bite Terence, but do no damage.
Terence is heavily wounded.
Terence barely misses you.
You closely miss Terence.
Terence is heavily wounded.
Terence hits you with a +2 vampiric short sword.
Terence draws strength from your wounds!
You take 6 damage, and have 12/18 hp.
MASSIVE DAMAGE!!
You completely miss Terence. Your bite misses Terence.
Terence is moderately wounded.
Terence closely misses you.
You are too injured to fight recklessly!
You scratch Terence.
Terence is heavily wounded.
You are too injured to fight recklessly!
You are too injured to fight recklessly!
You scratch Terence but do no damage.
Terence is heavily wounded.
Terence completely misses you.
You closely miss Terence.
Terence is heavily wounded.
Terence says, "Rest in peace."
Terence barely misses you.
You are too injured to fight recklessly!
You scratch Terence.
Terence is heavily wounded.
Terence hits you with a +2 vampiric short sword.
* * * LOW HITPOINT WARNING * * *
Terence draws strength from your wounds!
You take 6 damage, and have 6/18 hp.
MASSIVE DAMAGE!!
You scratch Terence but do no damage.
Terence is moderately wounded.
Terence barely misses you.
Unknown command.
You barely miss Terence.
Terence is moderately wounded.
Terence hits you with a +2 vampiric short sword.
* * * LOW HITPOINT WARNING * * *
Terence draws strength from your wounds!
You take 3 damage, and have 3/18 hp.
You aren't carrying any items that you can evoke.
You claw Terence!
Terence is severely wounded.
Terence closely misses you.
You scratch Terence.
Terence is severely wounded.
Terence closely misses you.
You scratch Terence but do no damage.
Terence is severely wounded.
Terence hits you but does no damage.
You barely miss Terence.
Terence is severely wounded.
Terence closely misses you.
You scratch Terence.
Terence is almost dead.
Terence hits you with a +2 vampiric short sword!
You die...

#################
................#
###....####.....#
.......'..#.....#
.##..[.##.#.....#
..#...###.#.....#
###.#.###.##'####
###.#.....##....#######
................@@...>#
###.#####.##....#####.#
# #[#####.##.)..# #.#
##.......##....#
#.#####
#....###..#....#
##.....# ##....#
##.#.#.## #..###.#
.)....# #.#.#.###♣♣.P♣
#.##
.#....####.#.#....♣♣≈♣♣
#..#
.+......##.#.#.##♣♣♣≈.♣
##.##


You could see Terence.

Vanquished Creatures
  2 adders (D:2)
  An ooze (D:2)
  A worm (D:2)
  2 dart slugs
  2 leopard geckos
  2 giant cockroaches
  5 goblins
  4 hobgoblins (D:1)
  6 jackals
  4 kobolds (D:1)
  A quokka (D:2)
  A ball python (D:1)
  5 bats
  5 frilled lizards
  8 rats
49 creatures vanquished.

Notes
Turn   | Place    | Note
-------+----------+-------------------------------------------
     0 | D:1      | Monsterracer the Felid Wanderer began the quest for the
                  | Orb.
     0 | D:1      | Monsterracer set off with the following items: a ration, a
                  | potion of heal wounds, 2 potions of curing
     0 | D:1      | Reached XP level 1. HP: 11/11 MP: 2/2
    25 | D:1      | HP: 5/11 [kobold (1)]
   371 | D:1      | Reached XP level 2. HP: 15/15 MP: 3/3
   831 | D:1      | Reached XP level 3. HP: 10/18 MP: 4/4
  1248 | D:2      | HP: 9/18 [ooze (3)]
  1490 | D:2      | Noticed Terence
  1537 | D:2      | Reached XP level 4. HP: 16/22 MP: 5/5
  1705 | D:2      | Found a stormy altar of Qazlal.
  1744 | D:2      | HP: 11/22 [bat (1)]
  1750 | D:2      | HP: 5/22 [giant cockroach (1)]
  1761 | D:1      | HP: 3/22 [giant cockroach (1)]
  2049 | D:2      | HP: 10/22 [Terence/+2 vampiric short sword (2)]
  2052 | D:1      | Slain by Terence
  2053 | D:1      | Reached XP level 3. HP: -2/18 MP: 4/4
  2068 | D:1      | HP: 6/18 [Terence/+2 vampiric short sword (6)]
  2075 | D:1      | Slain by Terence

Skill      XL: |  1  2  3 |
---------------+----------+-----
Unarmed Combat | 4 |  4.4
Dodging        | 2 |  2.1
Fighting       | |  4.5
Stealth        | |  1.3
Evocations     | |  1.1

Action                   |  1- 3 |  4- 6 || total
-------------------------+-------+-------++-------
Melee: Unarmed           |   124 |    45 ||   169
       Bite              |    13 |     4 ||    17
       Punch             |     2 |       ||     2
 Stab: Sleeping          |     6 |       ||     6
  Eat: Chunk             |     8 |     1 ||     9
Armor: Skin              |     1 |     9 ||    10
Dodge: Dodged            |    85 |    65 ||   150

Levels and vault maps discovered:
D:1:      lightli_iron_boxes, layout_basic, serial_bayou_crossing
D:2:      layout_rooms, grunt_temple_overflow_forces_of_nature,
          minmay_box_of_dots, uniq_terence
